 Dungeon Crawl Stone Soup version 0.13-a0-2719-g654be61 (webtiles) character file.

105911 AmberJosephineLiu the Brawler (level 15, -14/116 HPs)
             Began as a Lava Orc Monk on Aug 18, 2013.
             Was the Champion of Kikubaaqudgha.
             Demolished by a bone dragon (16 damage)
             ... on Level 2 of the Abyss on Aug 19, 2013.
             The game lasted 03:12:28 (30162 turns).

AmberJosephineLiu the Brawler (Lava Orc Monk)      Turns: 30162, Time: 03:12:29

HP -14/116       AC 14     Str 16      XL: 15   Next: 90%
MP  24/27        EV 11     Int 15      God: Kikubaaqudgha [******]
Gold 2055        SH  0     Dex 13      Spells:  5 memorised, 12 levels left

Res.Fire  : + + +   See Invis. : .     - Unarmed
Res.Cold  : x . .   Warding    : .   E - +4 ring mail of Death's Door {+Rage rPois}
Life Prot.: . . .   Conserve   : +   y - melded +5 shield of Indemnity {Dex+3 Int+3 Acc+6}
Res.Poison: +       Res.Corr.  : .   v - -2 helmet
Res.Elec. : .       Clarity    : .   j - +0 orc cloak {MR+}
Sust.Abil.: . .     Spirit.Shd : .   P - melded +0 pair of gauntlets
Res.Mut.  : .       Stasis     : .   (no boots)
Res.Rott. : .       Flight     : .   d - cursed amulet of conservation
Saprovore : + . .                    g - +2 ring of protection
                                     N - +0,+7 ring of slaying

@: blade hands, quick, quite resistant to hostile enchantments, unstealthy
A: conserve scrolls, saprovore 1
a: End Transformation, Receive Corpses, Torment, Renounce Religion, Evoke
Berserk Rage


You were on level 2 of the Abyss.
You worshipped Kikubaaqudgha.
Kikubaaqudgha was exalted by your worship.
You were full.
Your hands were blades.
You visited 6 branches of the dungeon, and saw 34 of its levels.
You visited the Abyss 1 time.

You collected 2667 gold pieces.
You spent 612 gold pieces at shops.

Inventory:

Armour
 c - a cursed +0 pair of orcish boots
 j - a +0 orcish cloak of magic resistance (worn)
 v - a -2 helmet (worn)
 y - the +5 shield of Indemnity (melded) {Dex+3 Int+3 Acc+6}
   (You bought it in a shop on level 4 of the Orcish Mines)

   It affects your intelligence (+3).
   It affects your dexterity (+3).
   It affects your accuracy (+6).
 E - the +4 ring mail of Death's Door (worn) {+Rage rPois}
   (You found it on level 5 of the Dungeon)

   It protects you from poison.
   It lets you go berserk.
 H - a +0 mottled dragon hide
 P - a +0 pair of gauntlets (melded)
Magical devices
 e - a wand of disintegration (7)
 f - a wand of cold (8)
 q - a wand of digging (9)
 r - a wand of hasting (9)
 u - a wand of polymorph (12) {unknown}
 w - a wand of disintegration (14)
 x - a wand of draining (4)
 A - a wand of hasting (5)
 T - a wand of cold (2)
Comestibles
 b - 2 bread rations
 G - 2 meat rations
Scrolls
 a - 4 scrolls of amnesia
 h - 6 scrolls of fear
 i - a scroll of magic mapping
 l - 2 scrolls of blinking
 B - 3 scrolls of teleportation
 I - 2 scrolls of fog
 X - 6 scrolls of remove curse
 Z - a scroll of enchant weapon II
Jewellery
 d - a cursed amulet of conservation (around neck)
 g - a +2 ring of protection (right scythe-like blade)
 k - an uncursed ring of ice
 o - an uncursed ring of protection from fire
 K - an uncursed ring of poison resistance
 L - a +4 ring of protection
 N - a +0,+7 ring of slaying (left scythe-like blade)
 Q - an uncursed ring of teleportation
 R - an uncursed ring of poison resistance
 W - an uncursed ring of sustain abilities
Potions
 m - a potion of restore abilities
 s - 2 potions of magic
 z - a potion of flight
 D - a potion of invisibility
 V - a potion of speed
Miscellaneous
 p - a legendary deck of wonders {the Helix}
 t - a lamp of fire
 O - a phial of floods
 U - a lamp of fire
 Y - a fan of gales


   Skills:
 - Level 7.0 Fighting
 - Level 11.3 Armour
 - Level 5.0 Dodging
 + Level 2.1 Stealth
 - Level 8.3 Shields
 - Level 16.8 Unarmed Combat
 - Level 6.2 Spellcasting
 - Level 6.2 Charms
 - Level 13.0 Necromancy
 - Level 12.7 Transmutations


You had 12 spell levels left.
You knew the following spells:

 Your Spells              Type           Power        Failure   Level  Hunger
a - Beastly Appendage     Trmt           #####.       8%          1    None
b - Animate Skeleton      Necr           N/A          6%          1    None
c - Blade Hands           Trmt           #####.....   24%         5    #####..
d - Twisted Resurrection  Necr           #####.....   21%         5    #####..
e - Lethal Infusion       Chrm/Necr      ####......   12%         2    #......


Dungeon Overview and Level Annotations

Branches:
Dungeon (17/27)            Temple (1/1) D:7             Orc (4/4) D:8
    Elf (0/3) Orc:3          Lair (8/8) D:11          Swamp (0/5) Lair:5
 Spider (3/5) Lair:4        Slime (0/6) Lair:7       Vaults (1/5) D:16

Altars:
Ashenzari
Cheibriados
Elyvilon
Fedhas
Kikubaaqudgha
Makhleb
Nemelex Xobeh
Okawaru
Sif Muna
Trog
Vehumet
Xom
Yredelemnul
Zin
the Shining One
Beogh

Shops:
Orc:4: !(([

Annotations
D:2 exclusion: adder
D:3 exclusion: downstairs
D:4 exclusion: 2 downstairs, crypto177's ghost, average DjFi
D:15 exclusion: downstairs
D:17 Jorgrun; Louise
Orc:2 exclusion: downstairs
Lair:4 Spider


Innate Abilities, Weirdness & Mutations

You have stony skin.
You cover ground quickly.
Your flesh is almost immune to the effects of heat.
Your fire spells are more powerful.
Your flesh is vulnerable to cold.
Your heat harms attackers.
You bathe your surroundings in blazing heat.
You are too hot to use scrolls.
You are very good at protecting items from fire.
You can tolerate rotten meat.


Message History

The bone dragon is severely damaged.
You slash the bone dragon!
The bone dragon is almost destroyed.
The bone dragon bites you!
* * * LOW HITPOINT WARNING * * *
The bone dragon resists.
The bone dragon is singed by your heat.
The bone dragon is almost destroyed.
The bone dragon claws you but does no damage.
The bone dragon resists.
The bone dragon is singed by your heat.
The bone dragon is almost destroyed.
The bone dragon tramples you!
* * * LOW HITPOINT WARNING * * *
You hold your ground!
The bone dragon resists.
The bone dragon is singed by your heat.
The bone dragon is almost destroyed.
You hit the bone dragon but do no damage.
The bone dragon is almost destroyed.
The bone dragon bites you!
You die...
Kikubaaqudgha rasps: "You have failed me!
Welcome... death!"

. . # ..#
#
####....3
#..###. .
####@D.#
.# #
#...##.#.
#.# ##...
# ...
#.##
#....#
##..#.#.
## #
..#.. .
.... . ##
.. .. ..
#


You could see a bone dragon.

Vanquished Creatures
  Saint Roka (Orc:4)
  Nikola (Spider:2)
  A shadow dragon (D:16)
  Gastronok (Lair:2)
  A stone giant (D:16)
  A deep elf death mage (D:16)
  A dragon (shapeshifter) (D:16)
  2 hydras
  An ogre mage (D:16)
  A ravenous item mimic (D:17)
  Erica (Lair:2)
  An orc high priest (Orc:4)
  12 death yaks
  A wretched star (Abyss:1)
  Urug (D:13)
  3 centaur warriors (D:16)
  A thrashing horror (Abyss:1)
  3 catoblepae (Lair:8)
  A soul eater (Orc:4)
  2 orc knights
  4 large abominations (Abyss:1)
  2 unseen horrors (D:16)
  10 hill giants
  2 wolf spiders (Spider:1)
  A sixfirhy (Abyss:1)
  An orc sorcerer (D:16)
  A stone giant zombie (Vaults:1)
  2 griffons
  A spiny worm (D:16)
  5 cyclopes
  Maurice (D:8)
  4 elephants (Lair:5)
  An eye of devastation (D:16)
  3 black mambas
  Psyche (Orc:4)
  A demonic crawler (Spider:1)
  9 spiny frogs
  An orange demon (Abyss:1)
  The ghost of simpaon the Poker, an experienced DjAr of Nemelex Xobeh (D:5)
  A fire drake (Lair:5)
  A yaktaur (Vaults:1)
  3 jumping spiders
  A death yak skeleton (Lair:8)
  2 hellwings (Abyss:1)
  6 trolls
  A baby alligator (Lair:5)
  4 komodo dragons
  2 red devils (D:15)
  2 two-headed ogres
  7 slime creatures
  A sphinx simulacrum (D:17)
  4 shadows
  11 blink frogs
  2 basilisks
  2 tarantellas (Spider:1)
  4 wyverns
  A trapdoor spider (Spider:2)
  18 ugly things
  9 redbacks
  An octopode (Abyss:1)
  A wyvern (shapeshifter) (D:16)
  2 dragon skeletons
  7 vampire mosquitoes
  A wraith (D:14)
  Eustachio (D:5)
  A clay golem (D:15)
  38 yaks
  3 neqoxecs
  8 hippogriffs
  3 hungry ghosts
  3 wolves (Lair:7)
  A steam dragon (D:11)
  A hill giant skeleton (D:12)
  4 sky beasts
  A soldier ant (D:15)
  A necrophage (Abyss:1)
  7 porcupines
  A small abomination (Abyss:2)
  17 orc warriors
  A spiny frog skeleton (Lair:7)
  A giant goldfish (Spider:2)
  2 dwarves (D:9)
  3 ice beasts
  12 ogres
  3 phantoms
  A black bear (D:10)
  A boring beetle (Lair:7)
  A boring beetle (shapeshifter) (D:16)
  3 yellow wasps
  5 crocodiles
  2 blink frog skeletons (Lair:8)
  7 centaurs
  3 wargs
  Sigmund (D:5)
  Duvessa (D:5)
  A komodo dragon zombie (D:12)
  7 giant slugs
  21 giant frogs
  2 big kobolds
  2 water moccasins
  4 agate snails
  A komodo dragon skeleton (Lair:5)
  A wyvern skeleton (D:12)
  A cyclops skeleton (D:16)
  A rock worm zombie (D:16)
  2 troll zombies
  5 killer bees
  A hippogriff skeleton (D:5)
  A yak skeleton (Lair:7)
  2 wights (D:16)
  Dowan (D:5)
  2 crimson imps
  26 orc priests
  3 goliath beetles
  An iron imp (D:5)
  5 jellies
  10 spiders
  3 quasits
  3 big fish (D:14)
  A giant frog skeleton (D:6)
  9 orange rats (Lair:1)
  4 scorpions
  11 hounds
  4 worker ants
  14 iguanas
  26 orc wizards
  9 sheep
  7 ogre zombies (D:8)
  A sky beast zombie (D:6)
  Jessica (D:3)
  A big kobold zombie (D:15)
  4 boggarts (D:16)
  A hound skeleton (D:6)
  A mummy (D:11)
  3 gnolls (D:6)
  15 adders
  A worm zombie (D:9)
  37 green rats
  A giant mite (D:8)
  A white imp (Abyss:1)
  2 ufetubi
  6 worms
  An adder skeleton (D:8)
  4 grey rats (Lair:1)
  3 giant eyeballs
  11 giant geckos
  An ooze (D:3)
  158 orcs
  2 giant cockroaches
  10 hobgoblins
  4 quokkas
  2 ball pythons (D:3)
  13 bats
  2 giant newts
  3 giant spores
  21 goblins
  3 goblin skeletons (D:8)
  A goblin zombie (D:8)
  9 jackals
  19 kobolds
  A kobold zombie (D:6)
  7 orc skeletons
  17 orc zombies
  33 rats
  5 ballistomycetes
  2 crawling corpses
  A fungus (Lair:8)
  A macabre mass (D:17)
919 creatures vanquished.

Vanquished Creatures (collateral kills)
  Agnes (D:16)
  An iron dragon (D:16)
  Fannar (Orc:2)
  3 hydras
  4 death yaks
  2 hill giants (D:16)
  Joseph (Orc:2)
  2 orc knights
  A griffon (D:16)
  2 red wasps (Spider:2)
  3 cyclopes
  4 wolf spiders
  An orc sorcerer (Orc:1)
  2 elephants (Lair:5)
  2 demonic crawlers
  2 spiny frogs
  A hydra zombie (D:9)
  2 red devils (D:15)
  Sonja (D:16)
  6 jumping spiders
  A komodo dragon (Lair:3)
  4 trolls
  2 basilisks
  A wraith (D:14)
  6 trapdoor spiders
  8 redbacks
  2 grizzly bears
  4 blink frogs (Lair:8)
  An air elemental (D:16)
  3 ugly things
  2 elephant slugs
  8 tarantellas
  A merfolk (D:14)
  2 hippogriffs
  A clay golem (D:16)
  6 orb spiders
  A rock worm (Spider:1)
  2 porcupines
  2 mottled dragons
  3 ogres
  2 ice beasts (Orc:2)
  13 orc warriors
  A yellow wasp (D:11)
  2 wargs
  2 crocodiles
  2 centaurs
  A giant slug (Lair:3)
  A draconian (shapeshifter) (Vaults:1)
  A yaktaur zombie (D:14)
  2 giant frogs
  2 water moccasins
  A yak zombie (D:12)
  A troll skeleton (D:14)
  2 killer bees (D:13)
  2 goliath beetles
  3 crimson imps
  A jelly (D:15)
  A big fish (Spider:2)
  9 orc priests
  A hound (Lair:3)
  An iguana (D:14)
  8 spiders
  8 orc wizards
  A big kobold zombie (D:14)
  A sheep (Lair:8)
  A big kobold skeleton (D:12)
  A two-headed ogre simulacrum (D:15)
  An adder (Lair:7)
  A brain worm simulacrum (D:16)
  3 green rats (Lair:5)
  61 orcs
  5 goblins
  A hobgoblin (Orc:3)
  2 jackals
  2 bats
  A giant newt (Lair:3)
  A kobold (D:11)
  An orc zombie (D:8)
  A quokka (Lair:2)
  5 rats
  2 ballistomycetes
  A bush (Lair:4)
  A fungus (Lair:7)
262 creatures vanquished.

Vanquished Creatures (others)
  17 large abominations
  A black mamba (Lair:7)
  3 death yak skeletons (Lair:8)
  4 small abominations
  2 catoblepas skeletons (Lair:8)
  A fire elemental (D:16)
  2 hill giant skeletons (D:16)
  A baby alligator skeleton (Lair:5)
  3 spiny frog skeletons
  8 blink frog skeletons
  An elephant skeleton (Lair:5)
  3 troll skeletons
  A yaktaur skeleton (Vaults:1)
  2 cyclops skeletons (D:16)
  A wight (D:16)
  A jellyfish (Spider:2)
  A grizzly bear skeleton (Lair:8)
  3 yak skeletons
  A hippogriff skeleton (Lair:4)
  An orc priest (D:10)
  3 giant frog skeletons
  A water moccasin skeleton (Lair:3)
  A porcupine skeleton (Lair:2)
  An ufetubus (Abyss:1)
  An adder skeleton (Lair:5)
  An iguana skeleton (Lair:5)
  A sheep skeleton (Lair:5)
  2 orcs (Orc:2)
  A giant spore (D:14)
  2 green rat skeletons
  A grey rat skeleton (Lair:1)
  13 orc skeletons
  A rat skeleton (Lair:1)
  8 crawling corpses
  2 fungi
  8 macabre masses
  4 plants
  10 starspawn tentacles (Abyss:1)
  16 starspawn tentacle segments (Abyss:1)
134 creatures vanquished.

Grand Total: 1315 creatures vanquished

Notes
Turn   | Place    | Note
--------------------------------------------------------------
     0 | D:1      | AmberJosephineLiu, the Lava Orc Monk, began the quest for the Orb.
     0 | D:1      | Reached XP level 1. HP: 17/17 MP: 0/0
   445 | D:1      | Reached XP level 2. HP: 24/24 MP: 1/1
   467 | D:1      | Reached skill level 5 in Unarmed Combat
   716 | D:2      | Found a glowing silver altar of Zin.
   893 | D:2      | Reached XP level 3. HP: 30/30 MP: 2/2
   894 | D:2      | Someone get this hothead out of here!
   995 | D:3      | Noticed Jessica
  1008 | D:3      | Killed Jessica
  1008 | D:3      | Reached skill level 6 in Unarmed Combat
  1223 | D:3      | Reached XP level 4. HP: 13/37 MP: 3/3
  1623 | D:3      | Reached skill level 1 in Armour
  1955 | D:4      | Reached XP level 5. HP: 23/44 MP: 4/4
  2082 | D:4      | ARRRRRRRRRRRRRRRRRRRRRRRRRRRRRRRRR
  2232 | D:4      | Reached skill level 7 in Unarmed Combat
  2295 | D:4      | Noticed crypto177's ghost (average DjFi)
  2569 | D:5      | Entered Level 5 of the Dungeon
  2591 | D:5      | Noticed simpaon's ghost (experienced DjAr)
  2611 | D:5      | Reached XP level 6. HP: 34/50 MP: 5/5
  2822 | D:5      | Noticed Duvessa
  2822 | D:5      | Noticed Dowan
  2824 | D:5      | Got a smoking ring mail
  2840 | D:5      | Killed Duvessa
  2847 | D:5      | Killed Dowan
  3147 | D:5      | Learned a level 1 spell: Beastly Appendage
  3156 | D:5      | Identified the +4 ring mail of Death's Door {+Rage rPois} (You found it on level 5 of the Dungeon)
  3162 | D:5      | Noticed Sigmund
  3185 | D:5      | Reached skill level 1 in Transmutations
  3413 | D:4      | Reached XP level 7. HP: 51/57 MP: 6/6
  3570 | D:5      | Killed Sigmund
  3570 | D:5      | Reached skill level 8 in Unarmed Combat
  3908 | D:5      | Reached skill level 5 in Armour
  4118 | D:5      | Killed simpaon's ghost
  4118 | D:5      | Reached XP level 8. HP: 22/63 MP: 7/7
  4266 | D:5      | Noticed Eustachio
  4299 | D:5      | Killed Eustachio
  4299 | D:5      | Reached skill level 5 in Transmutations
  4425 | D:6      | Reached skill level 9 in Unarmed Combat
  5466 | D:7      | Found a staircase to the Ecumenical Temple.
  5471 | Temple   | Entered the Ecumenical Temple
  5571 | Temple   | Became a worshipper of Kikubaaqudgha
  5571 | Temple   | Acquired Kikubaaqudgha's first power
  5571 | Temple   | Received a gift from Kikubaaqudgha
  5571 | Temple   | Acquired Kikubaaqudgha's second power
  5572 | Temple   | Identified Kikubaaqudgha's Collected Works on Sinister Magic (Kikubaaqudgha gifted it to you in the Ecumenical Temple)
  5575 | Temple   | Learned a level 1 spell: Animate Skeleton
  5633 | D:7      | Reached skill level 1 in Necromancy
  5645 | D:7      | Found a bloodstained altar of Trog.
  5758 | D:7      | Reached XP level 9. HP: 51/70 MP: 8/8
  5804 | D:7      | Found a basalt altar of Yredelemnul.
  5807 | D:7      | Found a shimmering altar of Xom.
  6117 | D:8      | Found a radiant altar of Vehumet.
  6122 | D:8      | Found a shattered altar of Ashenzari.
  6122 | D:8      | Found a deep blue altar of Sif Muna.
  6286 | D:8      | Reached skill level 5 in Necromancy
  6333 | D:8      | Found a staircase to the Orcish Mines.
  6351 | D:8      | Reached skill level 1 in Spellcasting
  6661 | D:8      | Reached skill level 10 in Unarmed Combat
  6796 | D:8      | Noticed Maurice
  6922 | D:8      | Killed Maurice
  7078 | D:8      | Reached XP level 10. HP: 35/77 MP: 14/14
  7717 | D:9      | Found an iron altar of Okawaru.
  7739 | D:9      | Reached skill level 11 in Unarmed Combat
  7829 | D:9      | Learned a level 5 spell: Blade Hands
  8039 | D:9      | Received a gift from Kikubaaqudgha
  8048 | D:9      | Identified Kikubaaqudgha's Disquisition on Black Arts (Kikubaaqudgha gifted it to you on level 9 of the Dungeon)
  8097 | D:10     | Entered Level 10 of the Dungeon
  8122 | D:10     | Noticed a hill giant
  8147 | D:9      | Killed a hill giant
  8200 | D:10     | Reached skill level 10 in Transmutations
  8209 | D:10     | Paralysed by a giant eyeball for 2 turns
  8335 | D:10     | Noticed a six-headed hydra
  8342 | D:10     | Killed a six-headed hydra
  8491 | D:11     | Paralysed by a giant eyeball for 2 turns
  8595 | D:11     | Found a staircase to the Lair.
  8633 | D:11     | Reached skill level 12 in Transmutations
  8694 | Lair:1   | Entered Level 1 of the Lair of Beasts
  8794 | Lair:1   | Acquired Kikubaaqudgha's third power
  8900 | Lair:1   | Reached XP level 11. HP: 36/82 MP: 16/16
  9463 | Lair:1   | Identified a scroll of acquirement
  9521 | Lair:2   | Reached skill level 5 in Fighting
  9547 | Lair:3   | Acquired Kikubaaqudgha's fourth power
 10008 | Lair:5   | Found a staircase to the Swamp.
 10119 | Lair:5   | Reached skill level 13 in Unarmed Combat
 10540 | Lair:5   | Reached skill level 14 in Unarmed Combat
 10747 | Lair:6   | Reached XP level 12. HP: 74/92 MP: 8/17
 11107 | Lair:7   | Reached skill level 10 in Armour
 11368 | Lair:7   | Noticed a four-headed hydra
 11378 | Lair:7   | Killed a ten-headed hydra
 11616 | Lair:8   | Entered Level 8 of the Lair of Beasts
 11689 | Lair:8   | Reached skill level 5 in Dodging
 12301 | Lair:7   | Found a staircase to the Slime Pits.
 12401 | Lair:7   | Reached XP level 13. HP: 67/99 MP: 12/18
 12848 | Lair:8   | Reached skill level 10 in Necromancy
 13424 | Lair:6   | Noticed a death yak
 13425 | Lair:6   | Noticed a death yak
 13425 | Lair:6   | Noticed a death yak
 13426 | Lair:6   | Noticed a death yak
 13793 | Lair:1   | Learned a level 5 spell: Twisted Resurrection
 13911 | D:11     | Noticed a hill giant
 13918 | D:11     | Killed a hill giant
 14857 | D:13     | Found a shimmering altar of Xom.
 14858 | D:13     | Found a shimmering altar of Xom.
 14858 | D:13     | Found a shimmering altar of Xom.
 14859 | D:13     | Found a shimmering altar of Xom.
 14860 | D:13     | Found a shimmering altar of Xom.
 15029 | D:13     | Noticed Urug
 15045 | D:13     | Killed Urug
 15148 | D:13     | Got a warped robe
 15373 | D:14     | Entered Level 14 of the Dungeon
 15931 | D:15     | Entered Level 15 of the Dungeon
 16412 | D:16     | Identified the cursed -2 robe "Zianeo" {Stlth+} (You found it on level 13 of the Dungeon)
 16422 | D:16     | Found a staircase to the Vaults.
 16525 | D:16     | Reached skill level 15 in Unarmed Combat
 16525 | D:16     | Reached XP level 14. HP: 92/105 MP: 14/19
 16529 | D:16     | Noticed Sonja
 16541 | D:16     | Killed Sonja
 16583 | D:16     | Noticed Agnes
 16592 | D:16     | Killed Agnes
 16956 | D:16     | Noticed an iron dragon
 16959 | D:16     | Noticed a stone giant
 18144 | D:15     | Iron dragon :/
 18717 | D:16     | Killed a stone giant
 18795 | D:16     | Noticed a shadow dragon
 19264 | Vaults:1 | Entered Level 1 of the Vaults
 19846 | Vaults:1 | Reached skill level 16 in Unarmed Combat
 19869 | Vaults:1 | Noticed a vault warden
 20475 | Orc:1    | Entered Level 1 of the Orcish Mines
 21277 | Orc:2    | Noticed Joseph
 21277 | Orc:2    | Noticed Fannar
 21287 | Orc:2    | Killed Fannar
 21292 | Orc:2    | Killed Joseph
 21795 | Orc:4    | Entered Level 4 of the Orcish Mines
 21879 | Orc:4    | Found a roughly hewn altar of Beogh.
 21903 | Orc:4    | Found Kaxkak's Antique Weapon Shoppe.
 22250 | Orc:4    | Reached skill level 5 in Spellcasting
 22373 | Orc:3    | Found a staircase to the Elven Halls.
 22549 | Orc:4    | Noticed Saint Roka
 22649 | Orc:4    | Killed Saint Roka
 22930 | Orc:4    | Found a roughly hewn altar of Beogh.
 22936 | Orc:4    | Found Qappu's Antique Weapon Shoppe.
 22940 | Orc:4    | Found Akameel's Antique Armour Emporium.
 22951 | Orc:4    | Bought a shiny orcish shield for 97 gold pieces
 22951 | Orc:4    | Bought a transparent shield for 256 gold pieces
 23062 | Orc:4    | Found a roughly hewn altar of Beogh.
 23096 | Orc:4    | Noticed Psyche
 23106 | Orc:4    | Killed Psyche
 23355 | Orc:4    | Found a roughly hewn altar of Beogh.
 23360 | Orc:4    | Found Trym's Distillery.
 23378 | Orc:4    | Bought a potion of heal wounds for 42 gold pieces
 23378 | Orc:4    | Bought a potion of resistance for 98 gold pieces
 23378 | Orc:4    | Bought a potion of speed for 77 gold pieces
 23378 | Orc:4    | Bought a potion of heal wounds for 42 gold pieces
 23537 | Orc:4    | Found a roughly hewn altar of Beogh.
 23727 | Lair:1   | Identified the +5 shield of Indemnity {Dex+3 Int+3 Acc+6} (You bought it in a shop on level 4 of the Orcish Mines)
 23806 | Lair:2   | Noticed Erica
 23817 | Lair:2   | Killed Erica
 23899 | Lair:2   | Noticed Gastronok
 23909 | Lair:2   | Killed Gastronok
 23909 | Lair:2   | Reached XP level 15. HP: 93/112 MP: 22/27
 24081 | Lair:4   | Reached skill level 1 in Shields
 24090 | Lair:4   | Noticed a five-headed hydra
 24098 | Lair:4   | Killed a nine-headed hydra
 24520 | Lair:4   | Found a hole to the Spider Nest.
 24531 | Spider:1 | Entered Level 1 of the Spider Nest
 25556 | Spider:2 | Reached skill level 5 in Shields
 26016 | Spider:2 | Noticed Nikola
 26027 | Spider:2 | Killed Nikola
 26494 | Lair:1   | Learned a level 2 spell: Lethal Infusion
 26735 | D:16     | Reached skill level 1 in Charms
 26879 | D:16     | Killed a shadow dragon
 27678 | D:16     | Killed an iron dragon
 28369 | D:17     | Reached skill level 5 in Charms
 28378 | D:17     | Noticed Louise
 29366 | D:17     | Noticed Jorgrun
 29371 | D:17     | Cast into the Abyss (Louise)
 30139 | Abyss:2  | Noticed a bone dragon
 30161 | Abyss:2  | HP: 2/116 [bone dragon (8)]
 30162 | Abyss:2  | Demolished by a bone dragon

Action                   |  1- 3 |  4- 6 |  7- 9 | 10-12 | 13-15 || total
-------------------------+-------+-------+-------+-------+-------++-------
Melee: Unarmed           |    93 |   213 |   522 |   712 |  1359 ||  2899
Throw: Stone             |       |       |     1 |     1 |     4 ||     6
 Cast: Beastly Appendage |       |       |     1 |     2 |     3 ||     6
       Animate Skeleton  |       |       |     6 |    70 |    42 ||   118
       Blade Hands       |       |       |       |    38 |   109 ||   147
       Twisted Resurrect |       |       |       |       |    70 ||    70
Invok: Receive Corpses   |       |       |       |       |    23 ||    23
 Abil: End Transformatio |       |       |       |       |    16 ||    16
Evoke: Wand              |       |       |     3 |     7 |    20 ||    30
       Miscellaneous     |       |       |       |     1 |     3 ||     4
  Use: Scroll            |       |     9 |    11 |    14 |    21 ||    55
       Potion            |       |       |       |       |    18 ||    18
 Stab: Sleeping          |       |     2 |       |     1 |       ||     3
       Distracted        |       |       |     1 |     2 |     7 ||    10
       Fleeing           |       |       |       |     1 |       ||     1
       Petrified         |       |       |       |       |     2 ||     2
       Invisible         |       |       |       |       |     2 ||     2
